 Dungeon Crawl Stone Soup version 0.28-a0-268-g3f656e82c2 (webtiles) character file.

Game seed: 13679417013344639657

87 Shayle the Ducker (level 4, -5/34 HPs)
             Began as a Djinni Warper on Aug 28, 2021.
             Shot with an arrow by a centaur (8 damage)
             ... on level 3 of the Dungeon.
             The game lasted 00:05:47 (3091 turns).

Shayle the Ducker (Djinni Warper)                   Turns: 3091, Time: 00:05:48

Health: -5/34      AC:  3    Str: 10    XL:     4   Next: 80%
Gold:   85         EV: 12    Int: 15    God:
                   SH:  0    Dex: 13

rFire   + + .      SeeInvis .     - Unarmed
rCold   x . .      Faith    .   (no shield)
rNeg    . . .      Spirit   .   a - +0 leather armour
rPois   ∞          Reflect  .   (no helmet)
rElec   .          Harm     .   (no cloak)
rCorr   .          Rampage  .   (no gloves)
Will    .....                   (boots unavailable)
Stlth   +.........              (no amulet)
HPRegen 0.11/turn               (no ring)
MPRegen 0.00/turn               (no ring)

@: flying
A: sickness immunity, fire resistance 2, cold vulnerability 1, float, innate
caster, hp casting, extra vitality 1
a: no special abilities


You were on level 3 of the Dungeon.
You visited 1 branch of the dungeon, and saw 3 of its levels.

You collected 85 gold pieces.

Inventory:

Missiles
 c - 5 boomerangs of dispersal (quivered)
Armour
 a - a +0 leather armour (worn)
Jewellery
 e - an amulet of the acrobat
Scrolls
 b - 2 scrolls of blinking
 f - a scroll of enchant armour {unknown}
 h - 2 scrolls of enchant weapon {unknown}
Potions
 d - a potion of flight {unknown}
 g - a potion of invisibility {unknown}
 i - a potion of ambrosia {unknown}


   Skills:
 + Level 2.8 Fighting
 - Level 0.7 Throwing
 - Level 1.0 Armour
 + Level 3.1 Dodging
 + Level 2.8 Unarmed Combat
 + Level 2.9 Spellcasting


You couldn't memorise any spells.
You knew the following spells:

 Your Spells              Type           Power      Damage    Failure   Level
a - Blink                 Tloc           N/A        N/A       13%         2
b - Lesser Beckoning      Tloc           5%         N/A       26%         3
c - Gell's Gravitas       Tloc           5%         N/A       26%         3
d - Teleport Other        Tloc           10%        N/A       26%         3
e - Manifold Assault      Tloc           10%        N/A       93%         5
f - Shock                 Conj/Air       40%        1d5       9%          1
Your spell library was empty.

Dungeon Overview and Level Annotations

Branches:
Dungeon (3/15)

Altars:
Xom

Shops:
D:1 [


Innate Abilities, Weirdness & Mutations

You are immune to sickness and miasma.
You are immune to poison.
Your flesh is very heat resistant. (rF++)
You are vulnerable to cold. (rC-)
You float through the air rather than walking.
You learn spells naturally, not from books.
Your magical power is your life essence.
You have superior vitality. (+4 HP)


Message History

Press: ? - help, Shift-Dir - straight line, f/p - worm
Aim: a worm (heavily wounded, 89% to hit)
The zap hits the worm.
The worm is severely wounded.
Casting: Shock (safe; 9% risk of failure)
Confirm with . or Enter, or press ? or * to list all spells.
Aiming: Shock (safe; 9% risk of failure)
Press: ? - help, Shift-Dir - straight line, f/p - worm
Aim: a worm (severely wounded, 89% to hit)
The zap hits the worm.
You kill the worm!
You start resting.
Your magical contamination has completely faded away.
You start resting.
HP restored.
Things that are here:
a +0 club; an orc corpse; a bat corpse
Things that are here:
a +0 dagger; a goblin skeleton You now have 85 gold pieces (gained 14).
A ball python and a centaur come into view.
Found a stone staircase leading up.
The ball python hisses angrily.
The centaur shouts!
The centaur wields a +0 shortbow.
The centaur shoots an arrow.
The arrow closely misses you.
The ball python moves out of view.
The centaur shoots an arrow.
The arrow hits you! The ball python completely misses you.
The ball python grabs you. The ball python constricts you.
The centaur shoots an arrow.
The arrow hits you.
You escape the ball python's grasp.
Found a sedimented orange potion.
The ball python barely misses you. The ball python grabs you.
The ball python constricts you.
The centaur shoots an arrow.
The arrow hits you!
* * * LOW HITPOINT WARNING * * *
A rat comes into view.
You escape the ball python's grasp.
The centaur shoots an arrow.
The arrow barely misses you. The ball python completely misses you.
The ball python barely misses you.
The centaur shoots an arrow.
The arrow hits you!
You die...

#######.#.###≈.
#.......#.#..≈≈
#.#######.....≈
#.##...####....
#.##........)..
#.##...##....#. .
###.##......)#.#.
....####S#.........<..#.
.....c.@.......>.#.#....
....................(...
#....#<#.####.#....###..
#..# #.#?# #.#....# ..
#. ..#.# .....[.# .. .
..##.. ......... # .#.
#####....##... !.#.


You could see a centaur and a ball python.

Vanquished Creatures
  3 adders (D:2)
  A worm (D:3)
  An orc (D:3)
  8 ball pythons
  3 endoplasms
  6 giant cockroaches
  4 goblins
  7 hobgoblins
  2 kobolds
  A quokka (D:2)
  6 bats
  5 frilled lizards
  4 rats
51 creatures vanquished.

Notes
Turn   | Place    | Note
-------+----------+-------------------------------------------
     0 | D:1      | Shayle the Djinni Warper began the quest for the Orb.
     0 | D:1      | Reached XP level 1. HP: 18/18 MP: 0/0
   282 | D:1      | Reached XP level 2. HP: 21/23 MP: 0/0
   739 | D:1      | Found Kobb's Armour Shop.
  1224 | D:1      | Reached XP level 3. HP: 28/28 MP: 0/0
  1224 | D:1      | Learned a level 1 spell: Shock
  2000 | D:2      | Reached XP level 4. HP: 32/34 MP: 0/0
  2031 | D:2      | Reached skill level 3 in Dodging
  2832 | D:3      | Found a shimmering altar of Xom.
  3088 | D:3      | Noticed a centaur
  3091 | D:3      | Shot with an arrow by a centaur

Illustrated notes

Levels and vault maps discovered:
D:1:      lemuel_arrival_lava_pool, layout_loops_ring, serial_shops,
          nicolae_shop_stone, minmay_fountain_box, hangedman_decor_points,
          minmay_misc_feat_x, minmay_misc_feat_tiny, grunt_decor_resistance
D:2:      layout_loops_ring, minmay_splitting_lines
D:3:      layout_basic, xom_confusion_cloud, nicolae_wu_jian_glorious_leap,
          nrook_mini_vaults, minmay_circle_x

Skill      XL: |  1  2  3  4 |
---------------+-------------+-----
Dodging        | 3 |  3.1
Fighting       | |  2.8
Throwing       | |  0.7
Armour         | |  1.0
Unarmed Combat | |  2.8
Spellcasting   | |  2.9

Action                   |  1- 3 |  4- 6 || total
-------------------------+-------+-------++-------
Melee: Unarmed           |    83 |     1 ||    84
 Cast: Shock             |    43 |    53 ||    96
       Blink             |     1 |       ||     1
Armor: Leather armour    |    34 |     6 ||    40
Dodge: Dodged            |    60 |    19 ||    79

Table legend: (Time is in decaauts)
 A = Elapsed time spent in this place.
 B = Non-inter-level travel time spent in this place.
 C = Inter-level travel time spent in this place.
 D = Time resting spent in this place.
 E = Time spent auto-exploring this place.
 F = Levels seen in this place.
 G = Mean time per level.
                   A        B        C        D        E       F      G
               +--------+--------+--------+--------+--------+-----+--------+
         Total |   3088 |   3059 |     29 |    203 |   2451 |   3 | 1029.3 |
       Dungeon |   3088 |   3059 |     29 |    203 |   2451 |   3 | 1029.3 |
               +--------+--------+--------+--------+--------+-----+--------+

Top non-repeatable levels by time:
     D:2: 1505 daAuts
     D:1: 1309 daAuts
     D:3: 273 daAuts
